Map: Terraform LE (Void)

Players

Winnetou - Winner!

  • Race: Protoss Protoss
  • League: Gold

Marmot

  • Race: Zerg Zerg
  • League: Gold

VOD

Have the link to the VOD?

Description

Time

  • Played on: Oct. 17, 2015, 3:24 p.m.
  • Length: 3:40
Show
View Real Time Build Order
Export as new Build Order

Winnetou Protoss - Winner!

Build Orders:  

Get SALT Encoding   

  12  0:01  Probe (Chrono Boost)  
  13  0:11  Probe (Chrono Boost)  
  14  0:21  Pylon  
  14  0:23  Probe (Chrono Boost)  
  15  0:39  Probe (Chrono Boost)  
  15  0:41  Gateway  
  16  0:48  Assimilator  
  17  0:50  Probe (Chrono Boost)  
  17  1:00  Probe (Chrono Boost)  
  18  1:11  Probe (Chrono Boost)  
  19  1:21  Probe (Chrono Boost)  
  20  1:32  Cybernetics Core  
  20  1:36  Zealot  
  23  1:44  Probe (Chrono Boost), Pylon  
  23  2:02  Probe (Chrono Boost)  
  24  2:13  Probe (Chrono Boost)  
  25  2:19  Nexus  
  25  2:23  Pylon  
  25  2:24  Mothership Core (Chrono Boost)  
  25  2:29  Pylon  
  27  2:37  Adept  
  27  2:42  Probe  
  30  2:46  Assimilator  
  30  2:54  Probe  
  30  3:05  Twilight Council  
  30  3:06  Probe  
  30  3:10  Adept  
  33  3:15  Gateway  
  33  3:18  Probe  
  34  3:25  Pylon  
Show
View Real Time Build Order
Export as new Build Order

Marmot Zerg 

Build Orders: Hatch First 

Get SALT Encoding   

  12  0:01  Drone  
  13  0:12  Overlord  
  13  0:18  Drone  
  14  0:31  Drone x2  
  14  0:34  Drone  
  17  0:55  Hatchery  
  16  0:59  Drone  
  16  1:00  Drone  
  18  1:04  Extractor  
  18  1:07  Drone  
  18  1:21  Spawning Pool  
  18  1:24  Drone  
  18  1:33  Overlord  
  18  1:39  Drone  
  19  1:49  Drone  
  20  2:02  Drone  
  21  2:09  Queen  
  21  2:10  Queen  
  21  2:11  Metabolic Boost  
  21  2:15  Overlord  
  25  2:19  Drone  
  25  2:21  Drone  
  27  2:24  Drone  
  28  2:30  Drone  
  28  2:35  Drone  
  30  2:39  Drone  
Tags
 
Add a new tag
Caveats
  • Supply blocks, unpowered buildings, or Contaminate may cause inaccurate times.
  • Supply counts are checked every 10 seconds.